Map: Shrines of Lizul

Players

Ceekes

  • Race: Zerg Zerg
  • League: Master
  • Spawn Location: 6:00

miasanmia

  • Race: Zerg Zerg
  • Spawn Location: 9:00

Lag - Winner!

  • Race: Zerg Zerg
  • Spawn Location: 12:00

PureLegacy - Winner!

  • Race: Terran Terran
  • Spawn Location: 3:00

VOD

Have the link to the VOD?

Description

Time

  • Played on: Dec. 4, 2018, 8:58 p.m.
  • Length: 8:46
Show
View Real Time Build Order
Export as new Build Order

Ceekes Zerg 

Build Orders: Pool First 

Get SALT Encoding   

  12  0:01  Drone  
  13  0:14  Drone  
  13  0:15  Extractor  
  13  0:16  Drone  
  14  0:34  Spawning Pool  
  13  0:39  Drone  
  14  0:46  Drone, Extractor  
  15  0:54  Overlord  
  15  1:20  Metabolic Boost  
  15  1:21  Zergling x6  
  18  1:28  Queen  
  21  1:32  Zergling x2  
  21  1:44  Zergling x2  
  22  1:56  Overlord  
  22  2:10  Hatchery  
  22  2:13  Zergling x2  
  22  2:23  Zergling x2  
  23  2:34  Zergling x2  
  24  2:42  Zergling x8  
  23  2:52  Zergling x2  
  24  3:03  Zergling x2  
  24  3:13  Zergling x2  
  22  3:24  Zergling x6  
  22  3:25  Queen, Zergling x2  
  27  3:31  Spine Crawler, Zergling x2  
  27  3:36  Zergling x2  
  25  3:49  Drone x2  
  25  3:50  Drone  
  24  3:59  Zergling x8  
  26  4:03  Zergling x2  
  26  4:08  Drone  
  28  4:18  Zergling x4  
  25  4:31  Zergling x2  
  25  4:32  Zergling x8  
  30  4:45  Queen  
  30  4:46  Drone x2  
  30  4:47  Drone  
  34  5:02  Zergling x4  
  34  5:05  Overlord  
  34  5:21  Zergling x2  
  35  5:23  Overlord  
  35  5:28  Drone x4  
  38  5:40  Zergling x6  
  38  5:41  Zergling x6  
  36  6:01  Drone x6  
  36  6:02  Drone x2  
  38  6:07  Zergling x2  
  36  6:12  Zergling x2  
  36  6:18  Zergling x2  
  40  6:23  Zergling x2  
  32  6:49  Hatchery  
  32  6:50  Extractor  
  32  6:51  Extractor  
  32  6:53  Hatchery  
  28  7:02  Zergling x4  
  28  7:03  Zergling x6  
  33  7:13  Zergling x2  
  34  7:25  Lair  
  34  7:29  Zergling x4  
  24  8:03  Drone  
  24  8:04  Drone x6  
Show
View Real Time Build Order
Export as new Build Order

miasanmia Zerg 

Build Orders: Pool First 

Get SALT Encoding   

  12  0:12  Drone  
  13  0:23  Spawning Pool  
  13  0:28  Drone  
  13  0:31  Drone  
  13  0:34  Extractor  
  13  0:38  Drone  
  14  0:48  Overlord  
  14  1:12  Zergling x6  
  14  1:14  Queen  
  19  1:25  Zergling x2  
  20  1:36  Metabolic Boost  
  20  1:37  Drone  
  21  1:46  Overlord  
  21  2:15  Zergling x4  
  20  2:26  Zergling x8  
  23  2:33  Queen  
  25  2:43  Zergling x2  
  26  2:58  Drone x2  
  28  3:08  Zergling x4  
  26  3:24  Zergling x6  
  26  3:37  Zergling x6  
  29  3:50  Drone, Hatchery  
  29  3:53  Roach Warren  
  26  3:59  Zergling x2  
  25  4:09  Zergling x6  
  27  4:41  Drone x2  
  27  4:42  Lair  
  27  4:43  Overlord  
  29  4:45  Extractor  
  28  4:59  Drone, Overlord  
  29  5:11  Roach x3  
  29  5:29  Roach  
  29  5:30  Roach  
  32  5:39  Drone x3  
  35  6:04  Roach x4  
  35  6:20  Roach  
  35  6:21  Roach x2  
  35  6:22  Glial Reconstitution  
  35  6:43  Roach x3  
  39  7:00  Roach  
  39  7:01  Roach x3  
  39  7:10  Queen  
  34  7:19  Drone x2  
  36  7:28  Drone x3  
  39  7:40  Ravager x2  
  39  7:41  Ravager  
  42  7:50  Drone x5  
  47  7:58  Queen  
  49  8:11  Overlord  
  49  8:13  Drone x3  
  49  8:14  Overlord  
  50  8:26  Overlord  
Show
View Real Time Build Order
Export as new Build Order

Lag Zerg - Winner!

Build Orders: 1 Base Baneling Bust, Pool First, Muta Ling Bane, Zergling Baneling 

Get SALT Encoding   

  12  0:02  Drone  
  13  0:09  Drone  
  14  0:14  Extractor  
  14  0:18  Drone  
  14  0:33  Spawning Pool  
  13  0:37  Drone  
  14  0:47  Overlord  
  14  1:06  Drone  
  14  1:07  Drone  
  16  1:21  Baneling Nest  
  16  1:23  Spine Crawler, Zergling x2  
  15  1:28  Zergling x2  
  16  1:34  Zergling x2  
  17  2:08  Zergling x2  
  17  2:09  Zergling x2  
  17  2:10  Baneling x3  
  17  2:11  Baneling, Queen  
  20  2:27  Zergling x4  
  20  2:49  Metabolic Boost  
  20  2:51  Queen  
  19  2:53  Overlord  
  21  3:05  Baneling  
  21  3:06  Baneling x3  
  15  3:23  Drone  
  15  3:24  Drone x3  
  17  3:34  Drone  
  17  3:58  Drone x3  
  20  4:03  Extractor  
  20  4:04  Drone x2  
  21  4:14  Drone  
  22  4:28  Lair  
  22  4:46  Zergling x8  
  22  4:51  Drone  
  27  4:55  Drone  
  28  5:04  Baneling x3  
  28  5:05  Baneling  
  26  5:37  Centrifical Hooks  
  26  5:41  Drone x3  
  28  5:57  Hatchery  
  26  6:11  Spire  
  25  6:14  Zergling x2  
  25  6:15  Zergling x2  
  27  6:39  Baneling x4  
  27  6:40  Overlord x2  
  28  7:08  Drone x3  
  28  7:09  Drone x5  
  35  7:26  Zergling x4  
  35  7:27  Overlord  
  36  7:47  Mutalisk  
  36  7:48  Mutalisk x3  
  36  7:50  Overlord  
  43  7:59  Mutalisk, Extractor  
  43  8:01  Mutalisk  
  46  8:15  Drone x5  
  46  8:16  Drone  
  52  8:20  Extractor  
Show
View Real Time Build Order
Export as new Build Order

PureLegacy Terran - Winner!

Build Orders:  

Get SALT Encoding   

  12  0:01  SCV  
  13  0:13  SCV  
  14  0:19  Supply Depot  
  14  0:27  SCV  
  15  0:31  Refinery  
  15  0:40  SCV  
  16  0:47  Barracks  
  16  0:52  SCV  
  17  1:05  Barracks  
  17  1:18  Barracks  
  17  1:25  SCV  
  18  1:35  Reaper  
  19  1:45  Orbital Command  
  19  1:54  Reaper  
  19  1:55  Refinery  
  20  2:07  Reaper  
  19  2:26  Reaper  
  20  2:35  SCV  
  21  2:43  Reaper  
  22  2:46  Supply Depot  
  22  2:53  Reaper  
  23  3:08  Reaper  
  23  3:09  SCV  
  23  3:10  Barracks  
  25  3:24  Barracks  
  25  3:32  Reaper x2  
  27  3:35  SCV  
  28  3:43  Supply Depot  
  28  3:44  Reaper  
  28  3:47  SCV  
  30  3:58  Reaper  
  31  4:05  SCV  
  31  4:06  Supply Depot  
  31  4:07  Reaper  
  31  4:08  Reaper  
  34  4:14  Reaper  
  35  4:17  SCV  
  35  4:19  Reaper  
  36  4:32  Reaper, SCV  
  38  4:50  Reaper x2  
  38  4:52  Reaper  
  35  5:09  Reaper  
  35  5:10  Command Center  
  35  5:11  SCV  
  37  5:18  Reaper  
  37  5:22  Reaper, Command Center  
  38  5:31  Reaper  
  38  5:32  SCV  
  40  5:43  Reaper  
  40  5:45  Reaper  
  40  5:48  SCV  
  40  5:49  Supply Depot  
  43  6:01  Reaper  
  43  6:03  Reaper, SCV  
  45  6:29  Barracks Tech Lab  
  45  6:30  SCV  
  44  6:43  Marine x2  
  44  6:44  Marine x2, Orbital Command  
  44  6:46  SCV  
  47  6:57  Marine  
  47  6:59  SCV  
  47  7:00  Factory  
  49  7:01  Marine  
  47  7:12  Orbital Command  
  47  7:15  Marine x4  
  48  7:19  SCV  
  51  7:31  Marine, SCV  
  51  7:43  SCV  
  52  7:47  SCV  
  52  7:48  Starport  
  52  7:49  Factory Reactor, Barracks Tech Lab  
  52  7:50  Barracks Tech Lab, Barracks Reactor  
  52  7:51  Barracks Reactor  
  53  7:53  Engineering Bay  
  53  7:54  Refinery, Engineering Bay  
  53  7:55  SCV  
  53  7:56  Refinery  
  54  7:59  SCV  
  54  8:02  Supply Depot  
  55  8:07  SCV  
  55  8:11  SCV  
  57  8:19  SCV  
  55  8:23  SCV  
  53  8:27  Marine x6  
  53  8:31  SCV  
  60  8:42  Supply Depot  
Tags
 
Add a new tag
Caveats
  • Supply blocks, unpowered buildings, or Contaminate may cause inaccurate times.
  • Supply counts are checked every 10 seconds.